 Dungeon Crawl Stone Soup version 0.28.0-45-g0d030f2227 (webtiles) character file.

Game seed: 4683478620570409711

140 MisterFreud the Cutter (level 5, -1/43 HPs)
             Began as a Palentonga Fighter on Apr 26, 2022.
             Slain by Grinder (2 damage)
             ... on level 3 of the Dungeon.
             The game lasted 00:02:17 (1829 turns).

MisterFreud the Cutter (Palentonga Fighter)         Turns: 1829, Time: 00:02:17

Health: -1/43      AC:  6    Str: 21    XL:     5   Next: 2%
Magic:  5/5        EV:  7    Int:  9    God:
Gold:   79         SH:  4    Dex:  9    Spells: 4/4 levels left

rFire   . . .      SeeInvis +   h - +3 rapier
rCold   . . .      Faith    .   c - +0 buckler
rNeg    . . .      Spirit   .   b - +0 scale mail
rPois   .          Reflect  .   (no helmet)
rElec   .          Harm     .   (no cloak)
rCorr   .          Rampage  .   (no gloves)
Will    .....                   (no barding)
Stlth   ..........              (no amulet)
HPRegen 0.14/turn               (no ring)
MPRegen 0.09/turn               (no ring)

@: mighty
A: large, rugged brown scales 3, see invisible, deformed body, roll 1, armoured
tail
a: Rolling Charge


You were on level 3 of the Dungeon.
You visited 1 branch of the dungeon, and saw 3 of its levels.

You collected 79 gold pieces.

Inventory:

Hand Weapons
 a - a +0 long sword
 h - a +3 rapier (weapon)
Missiles
 e - 5 poisoned darts
 g - 6 boomerangs
Armour
 b - a +0 scale mail (worn)
 c - a +0 buckler (worn)
Scrolls
 f - 2 scrolls of identify {unknown}
 j - a scroll of immolation {unknown}
 m - a scroll of vulnerability {unknown}
 n - a scroll of enchant armour {unknown}
Potions
 i - a potion of curing {unknown}
 k - 2 potions of haste {unknown}
 l - a potion of cancellation {unknown}


   Skills:
 - Level 3.1 Fighting
 + Level 3.9(4.3) Short Blades
 - Level 2.6(3.7) Long Blades
 - Level 2.5 Armour
 - Level 2.5 Shields


You had 4 spell levels left.
You didn't know any spells.
Your spell library was empty.

Dungeon Overview and Level Annotations

Branches:
Dungeon (3/15)

Altars:

Annotations:
D:2 Sigmund
D:3 Grinder


Innate Abilities, Weirdness & Mutations

You are completely covered in rugged brown scales. (AC +3, +7% HP)
You have supernaturally acute eyesight. (SInv)
Armour fits poorly on your strangely shaped body.
You can roll at nearby foes to attack.
You have a long armoured tail.


Message History

You kill the orc!
You have reached level 5!
You closely miss the orc. You block the orc's attack.
You puncture the orc!
You kill the orc!
Items here: )))) †††.
You roll forward with a clatter of scales!
You hit Grinder but do no damage.
You tail-slap Grinder, but do no damage.
Grinder hits you but does no damage.
You puncture Grinder!
Grinder is moderately wounded.
Grinder hits you.
You barely miss Grinder.
Grinder is moderately wounded.
Grinder says, "My boss said I was rubbish.
His entrails said otherwise."
Grinder closely misses you.
You hit Grinder.
Grinder is moderately wounded.
Grinder gestures at you. Pain shoots through your body!
You are too injured to fight recklessly!
You are too injured to fight recklessly!
You are too injured to fight recklessly!
You are too injured to fight recklessly!
You feel very mighty all of a sudden. Grinder hits you.
You barely miss Grinder.
Grinder is moderately wounded.
Grinder hits you.
You writhe in agony.
You barely miss Grinder.
Grinder is moderately wounded.
Grinder hits you.
* * * LOW HITPOINT WARNING * * *
You writhe in agony.
* * * LOW HITPOINT WARNING * * *
You puncture Grinder!
Grinder is heavily wounded.
Grinder hits you.
You die...

#.# ...
..# ##
#.# #.
..# ..
##.# .
#.5#
#.#.@# #
#.#.##.#
#......#
###)#
#.#.#
#...#
#.###
#.# #.#


You could see Grinder.

Vanquished Creatures
  An orc priest (D:2)
  Jessica (D:2)
  2 adders (D:3)
  8 orcs
  3 endoplasms
  2 giant cockroaches
  4 goblins
  2 hobgoblins
  4 jackals (D:2)
  3 quokkas (D:1)
  3 ball pythons
  8 bats
  4 frilled lizards
  7 kobolds
  5 rats
57 creatures vanquished.

Notes
Turn   | Place    | Note
-------+----------+-------------------------------------------
     0 | D:1      | MisterFreud the Palentonga Fighter began the quest for the
                  | Orb.
     0 | D:1      | Reached XP level 1. HP: 19/19 MP: 1/1
   204 | D:1      | Reached XP level 2. HP: 25/25 MP: 2/2
   425 | D:1      | Found a faded altar of an unknown god.
   831 | D:2      | Reached skill level 1 in Short Blades
   895 | D:2      | Reached XP level 3. HP: 31/31 MP: 3/3
   915 | D:2      | Reached XP level 4. HP: 35/37 MP: 4/4
  1161 | D:2      | Noticed Jessica
  1178 | D:2      | Killed Jessica
  1224 | D:2      | Noticed Sigmund
  1812 | D:3      | Noticed Grinder
  1819 | D:3      | Reached XP level 5. HP: 38/43 MP: 5/5
  1828 | D:3      | HP: 1/43 [Grinder (6)]
  1829 | D:3      | Slain by Grinder

Illustrated notes

Levels and vault maps discovered:
D:1:      kilobyte_arrival_exit_the_forest, layout_basic,
          shapermc_ecumenical_altar_notcrosses, corexii_item_surrounded_by_moat
D:2:      cheibrodos_pilgrimage, layout_loops_ring, uniq_jessica, uniq_sigmund
D:3:      layout_basic, uniq_grinder

Skill      XL: |  1  2  3  4 |
---------------+-------------+-----
Short Blades   | 1 2 3 |  3.9
Fighting       | |  3.1
Long Blades    | |  2.6
Armour         | |  2.5
Shields        | |  2.5

Action                   |  1- 3 |  4- 6 || total
-------------------------+-------+-------++-------
Melee: Long sword        |    53 |       ||    53
       Tailslap          |    11 |     6 ||    17
       Rapier            |    32 |    68 ||   100
 Abil: Rolling Charge    |    15 |    13 ||    28
  Use: Potion            |       |     1 ||     1
Armor: Scale mail        |    55 |    14 ||    69
Dodge: Dodged            |    35 |    19 ||    54
Block: Buckler           |    24 |     8 ||    32
